General information
- name: BNet
- type: Ladder team game (AT/RT)
- host: Battle.net
- saver: humble-origins
map: MarketSquare
- players: 8
- length: 31:12
- speed: Fast
- version: 1.26 W3XP
- replay type: Public
» download(196 KB)
Players
team 1 (winner)
bISmaRCk (
red | 75 APM | 2335 actions | 31:11)
7 Death Knight
3 Death Coil
3 Unholy Aura
1 Animate Dead
» actions
| Assign group hotkey | 38 | |
| Build / train | 58 | |
| Enter build submenu | 17 | |
| Enter hero's abilities submenu | 7 | |
| Right click | 581 | |
| Select / deselect | 572 | |
| Select group hotkey | 990 | |
| Use ability | 72 | |
2335 total
» units
| Acolyte | 7 | |
| Ghoul | 3 | |
| Crypt Fiend | 9 | |
19 total
» upgrades
| Cannibalize | 1 | |
| Creature Attack | 3 | |
| Creature Carapace | 3 | |
| Web | 1 | |
8 total
» buildings
| Graveyard | 1 | |
| Crypt | 3 | |
| Altar of Darkness | 1 | |
| Ziggurat | 8 | |
| Tomb of Relics | 2 | |
| Halls of the Dead | 1 | |
| Necropolis | 1 | |
| Black Citadel | 1 | |
18 total
» build order
00:10 Graveyard
00:26 Crypt
00:42 Altar of Darkness
00:57 Ziggurat
01:57 Tomb of Relics
02:09 Ziggurat
03:13 Crypt
05:08 Ziggurat
07:49 Halls of the Dead
09:13 Crypt
17:15 Ziggurat
17:17 Ziggurat
22:24 Necropolis
23:54 Black Citadel
23:58 Ziggurat
24:21 Ziggurat
24:24 Tomb of Relics
24:59 Ziggurat
» items
| Rod of Necromancy | 2 | |
| Healing Salve | 1 | |
| Scroll of Town Portal | 7 | |
| Potion of Healing | 7 | |
| Potion of Mana | 1 | |
| Potion of Lesser Invulnerability | 1 | |
| Scroll of Healing | 1 | |
| Scroll of Protection | 1 | |
21 total
humble-origins (
orange | 80 APM | 2495 actions | 31:12)
6 Blademaster
3 Wind Walk
2 Critical Strike
1 Bladestorm
5 Shadow Hunter
2 Hex
3 Healing Wave
» actions
| Assign group hotkey | 56 | |
| Basic commands | 1 | |
| Build / train | 84 | |
| Enter build submenu | 16 | |
| Enter hero's abilities submenu | 12 | |
| Give item / drop item | 3 | |
| Right click | 1045 | |
| Select / deselect | 282 | |
| Select group hotkey | 810 | |
| Use ability | 186 | |
2495 total
» units
| Peon | 12 | |
| Grunt | 5 | |
| Wind Rider | 5 | |
| Troll Batrider | 18 | |
40 total
» upgrades
| Ranged Weapons | 2 | |
| Ensnare | 1 | |
| Armor | 2 | |
| Envenomed Spears | 1 | |
| Liquid Fire | 1 | |
| Reinforced Defenses | 1 | |
8 total
» buildings
| Altar of Storms | 1 | |
| Orc Burrow | 4 | |
| Barracks | 1 | |
| Voodoo Lounge | 1 | |
| Stronghold | 2 | |
| War Mill | 1 | |
| Beastiary | 3 | |
| Fortress | 1 | |
| Watch Tower | 9 | |
| Great Hall | 1 | |
24 total
» build order
00:08 Altar of Storms
00:18 Orc Burrow
00:37 Barracks
01:31 Orc Burrow
02:36 Voodoo Lounge
03:21 Stronghold
03:21 Stronghold
03:43 Orc Burrow
04:16 War Mill
05:50 Beastiary
05:53 Beastiary
07:06 Orc Burrow
09:06 Fortress
09:44 Watch Tower
09:45 Watch Tower
09:46 Watch Tower
09:46 Watch Tower
10:47 Watch Tower
10:48 Watch Tower
19:27 Great Hall
21:14 Watch Tower
21:15 Watch Tower
21:15 Watch Tower
22:32 Beastiary
» items
| Healing Salve | 2 | |
| Scroll of Town Portal | 1 | |
| Potion of Mana | 3 | |
| Orb of Lightning | 2 | |
| Lesser Clarity Potion | 3 | |
11 total
Feuergeist (
blue | 38 APM | 1195 actions | 31:11)
4 Firelord
2 Summon Lava Spawn
2 Incinerate
1 Priestess of the Moon
1 Trueshot Aura
» actions
| Basic commands | 35 | |
| Build / train | 70 | |
| Enter build submenu | 43 | |
| Enter hero's abilities submenu | 5 | |
| Right click | 623 | |
| Select / deselect | 315 | |
| Use ability | 104 | |
1195 total
» units
» upgrades
| Strength of the Wild | 2 | |
| Reinforced Hides | 2 | |
| Ultravision | 1 | |
| Nature's Blessing | 1 | |
6 total
» buildings
| Moon Well | 7 | |
| Altar of Elders | 1 | |
| Ancient of Wonders | 2 | |
| Hunter's Hall | 1 | |
| Ancient of War | 1 | |
| Ancient Protector | 15 | |
| Tree of Life | 2 | |
| Tree of Ages | 2 | |
| Tree of Eternity | 2 | |
33 total
» build order
00:13 Moon Well
00:39 Altar of Elders
01:14 Ancient of Wonders
01:35 Hunter's Hall
01:56 Moon Well
02:26 Ancient of War
02:37 Moon Well
02:49 Ancient Protector
03:12 Ancient Protector
03:49 Ancient Protector
04:06 Ancient Protector
04:23 Moon Well
05:43 Ancient Protector
06:19 Ancient Protector
10:32 Ancient Protector
10:42 Ancient Protector
13:38 Tree of Life
21:21 Ancient Protector
22:23 Ancient Protector
22:37 Ancient Protector
22:57 Moon Well
23:19 Ancient of Wonders
23:56 Moon Well
24:14 Ancient Protector
24:23 Ancient Protector
25:04 Moon Well
25:05 Tree of Ages
25:06 Tree of Ages
25:09 Ancient Protector
27:57 Ancient Protector
29:35 Tree of Eternity
29:35 Tree of Eternity
31:02 Tree of Life

»
itktkers (
pink | 59 APM | 1846 actions | 31:11)
7 Tauren Chieftain
3 Endurance Aura
3 War Stomp
1 Reincarnation
6 Shadow Hunter
3 Healing Wave
2 Hex
1 Big Bad Voodoo
4 Far Seer
2 Chain Lighting
2 Feral Spirit
» actions
| Assign group hotkey | 28 | |
| Basic commands | 3 | |
| Build / train | 88 | |
| Enter build submenu | 24 | |
| Enter hero's abilities submenu | 17 | |
| Remove unit from queue | 1 | |
| Right click | 636 | |
| Select / deselect | 256 | |
| Select group hotkey | 697 | |
| Use ability | 96 | |
1846 total
» units
| Peon | 16 | |
| Grunt | 4 | |
| Troll Headhunter/Berserker | 2 | |
| Raider | 4 | |
| Troll Witch Doctor | 5 | |
| Wind Rider | 6 | |
| Troll Batrider | 2 | |
| Shaman | 2 | |
41 total
» upgrades
| Pillage | 1 | |
| Armor | 3 | |
| Melee Weapons | 1 | |
| Ensnare | 1 | |
| Witch Doctor Training | 2 | |
| Reinforced Defenses | 2 | |
| Envenomed Spears | 1 | |
| Shaman Training | 2 | |
| Ranged Weapons | 2 | |
15 total
» buildings
| Altar of Storms | 1 | |
| Orc Burrow | 8 | |
| Barracks | 1 | |
| War Mill | 1 | |
| Voodoo Lounge | 2 | |
| Stronghold | 1 | |
| Beastiary | 2 | |
| Spirit Lodge | 2 | |
| Great Hall | 2 | |
| Fortress | 1 | |
| Watch Tower | 3 | |
24 total
» build order
00:27 Altar of Storms
00:39 Orc Burrow
00:53 Barracks
01:26 War Mill
02:02 Orc Burrow
04:00 Orc Burrow
04:39 Voodoo Lounge
05:01 Stronghold
05:05 Orc Burrow
05:40 Voodoo Lounge
07:24 Beastiary
07:34 Spirit Lodge
08:10 Great Hall
09:42 Beastiary
09:44 Fortress
10:10 Watch Tower
11:19 Watch Tower
12:16 Watch Tower
13:25 Orc Burrow
16:13 Orc Burrow
16:18 Spirit Lodge
22:33 Great Hall
23:25 Orc Burrow
23:29 Orc Burrow
» items
| Healing Salve | 3 | |
| Orb of Lightning | 1 | |
| Potion of Healing | 4 | |
| Scroll of Town Portal | 2 | |
10 total
team 2 (loser)

»
bustaphatnutt (
purple | 45 APM | 961 actions | 21:22)
5 Dreadlord
2 Sleep
3 Vampiric Aura
2 Lich
1 Frost Nova
1 Frost Armor
» actions
| Assign group hotkey | 18 | |
| Build / train | 63 | |
| Enter build submenu | 13 | |
| Enter hero's abilities submenu | 7 | |
| Right click | 413 | |
| Select / deselect | 178 | |
| Select group hotkey | 205 | |
| Use ability | 64 | |
961 total
» units
| Acolyte | 4 | |
| Ghoul | 9 | |
| Crypt Fiend | 8 | |
| Gargoyle | 6 | |
27 total
» upgrades
| Unholy Armor | 1 | |
| Unholy Strength | 1 | |
| Creature Attack | 2 | |
| Creature Carapace | 2 | |
| Web | 1 | |
7 total
» buildings
| Crypt | 2 | |
| Ziggurat | 5 | |
| Altar of Darkness | 1 | |
| Nerubian Tower | 1 | |
| Graveyard | 1 | |
| Tomb of Relics | 1 | |
| Spirit Tower | 2 | |
| Halls of the Dead | 1 | |
14 total
» build order
00:16 Crypt
00:18 Ziggurat
00:33 Altar of Darkness
01:52 Nerubian Tower
02:35 Graveyard
02:39 Tomb of Relics
03:30 Ziggurat
04:09 Ziggurat
04:32 Spirit Tower
05:11 Crypt
07:10 Ziggurat
09:07 Halls of the Dead
09:13 Ziggurat
15:14 Spirit Tower
» items
| Dust of Appearance | 2 | |
| Healing Salve | 1 | |
| Scroll of Town Portal | 4 | |
| Scroll of Speed | 1 | |
| Potion of Healing | 2 | |
| Potion of Mana | 1 | |
11 total
TimeForMiracles (
green | 45 APM | 1413 actions | 31:11)
6 Tauren Chieftain
2 Shockwave
3 Endurance Aura
1 Reincarnation
1 Keeper of the Grove
1 Entangling Roots
» actions
| Basic commands | 1 | |
| Build / train | 82 | |
| Enter build submenu | 17 | |
| Enter hero's abilities submenu | 7 | |
| Give item / drop item | 1 | |
| Remove unit from queue | 1 | |
| Right click | 775 | |
| Select / deselect | 462 | |
| Use ability | 67 | |
1413 total
» units
| Peon | 9 | |
| Grunt | 7 | |
| Wind Rider | 8 | |
| Raider | 16 | |
| Chimaera | 1 | |
| Hippogryph | 5 | |
46 total
» upgrades
| Ranged Weapons | 3 | |
| Armor | 3 | |
| Envenomed Spears | 1 | |
| Ensnare | 1 | |
| Reinforced Defenses | 1 | |
| Melee Weapons | 3 | |
12 total
» buildings
| Altar of Storms | 1 | |
| Orc Burrow | 8 | |
| Barracks | 1 | |
| Voodoo Lounge | 1 | |
| War Mill | 1 | |
| Stronghold | 1 | |
| Fortress | 1 | |
| Beastiary | 2 | |
| Town Hall | 1 | |
| Tree of Life | 1 | |
18 total
» build order
00:04 Altar of Storms
00:08 Orc Burrow
01:24 Orc Burrow
02:06 Barracks
02:25 Voodoo Lounge
04:04 Orc Burrow
04:07 War Mill
06:07 Stronghold
06:28 Orc Burrow
08:36 Fortress
08:54 Beastiary
08:59 Beastiary
11:32 Orc Burrow
11:36 Orc Burrow
23:39 Orc Burrow
24:17 Orc Burrow
29:27 Town Hall
30:00 Tree of Life
» items
| Healing Salve | 3 | |
| Scroll of Speed | 1 | |
| Scroll of Town Portal | 3 | |
| Potion of Healing | 2 | |
| Potion of Lesser Invulnerability | 1 | |
10 total

»
BrassBallsBaal (
teal | 48 APM | 1023 actions | 21:15)
2 Keeper of the Grove
1 Force of Nature
1 Entangling Roots
» actions
| Build / train | 41 | |
| Enter build submenu | 17 | |
| Enter hero's abilities submenu | 2 | |
| Give item / drop item | 2 | |
| Remove unit from queue | 2 | |
| Right click | 592 | |
| Select / deselect | 312 | |
| Use ability | 55 | |
1023 total
» units
| Wisp | 10 | |
| Druid of the Talon | 1 | |
| Hippogryph | 10 | |
| Chimaera | 9 | |
30 total
» upgrades
| Reinforced Hides | 2 | |
| Corrosive Breath | 1 | |
3 total
» buildings
| Moon Well | 5 | |
| Altar of Elders | 1 | |
| Tree of Ages | 1 | |
| Hunter's Hall | 1 | |
| Ancient Protector | 1 | |
| Ancient of Wind | 1 | |
| Tree of Eternity | 1 | |
| Chimaera Roost | 2 | |
| Tree of Life | 1 | |
14 total
» build order
00:28 Moon Well
00:40 Altar of Elders
02:44 Moon Well
05:07 Tree of Ages
05:09 Hunter's Hall
06:14 Ancient Protector
07:29 Ancient of Wind
07:37 Tree of Eternity
10:05 Chimaera Roost
10:09 Chimaera Roost
10:54 Moon Well
10:58 Moon Well
11:46 Moon Well
18:46 Tree of Life
» items
Knifeywifey (
yellow | 75 APM | 1603 actions | 21:29)
2 Archmage
1 Summon Water Elemental
1 Blizzard
1 Mountain King
1 Storm Bolt
» actions
| Assign group hotkey | 20 | |
| Basic commands | 82 | |
| Build / train | 93 | |
| Enter build submenu | 45 | |
| Enter hero's abilities submenu | 4 | |
| Right click | 690 | |
| Select / deselect | 332 | |
| Select group hotkey | 241 | |
| Use ability | 96 | |
1603 total
» units
| Peasant | 44 | |
| Footman | 8 | |
| Rifleman | 5 | |
57 total
» upgrades
| Lumber Harvesting | 1 | |
| Masonry | 1 | |
2 total
» buildings
| Lumber Mill | 1 | |
| Scout Tower | 23 | |
| Guard Tower | 22 | |
| Farm | 8 | |
| Altar of Kings | 1 | |
| Barracks | 2 | |
| Keep | 4 | |
| Blacksmith | 1 | |
62 total
» build order
00:07 Lumber Mill
01:04 Scout Tower
01:05 Scout Tower
01:05 Scout Tower
01:31 Guard Tower
01:31 Guard Tower
01:31 Guard Tower
01:47 Scout Tower
01:50 Scout Tower
02:13 Guard Tower
02:14 Guard Tower
02:23 Guard Tower
02:23 Guard Tower
02:27 Scout Tower
02:28 Scout Tower
02:51 Scout Tower
02:53 Farm
02:58 Guard Tower
03:38 Altar of Kings
03:42 Scout Tower
03:49 Guard Tower
04:11 Guard Tower
05:08 Scout Tower
05:24 Scout Tower
05:26 Scout Tower
05:44 Guard Tower
06:00 Guard Tower
06:03 Scout Tower
08:03 Guard Tower
08:22 Farm
08:24 Farm
08:29 Barracks
09:17 Scout Tower
09:20 Scout Tower
11:02 Barracks
11:06 Farm
11:07 Farm
11:17 Scout Tower
11:52 Guard Tower
14:35 Scout Tower
14:35 Scout Tower
14:36 Scout Tower
15:05 Guard Tower
15:05 Guard Tower
15:05 Guard Tower
15:35 Guard Tower
16:04 Guard Tower
16:06 Scout Tower
16:07 Scout Tower
16:08 Scout Tower
16:12 Scout Tower
16:13 Keep
16:13 Keep
16:13 Keep
16:40 Guard Tower
17:58 Blacksmith
18:29 Farm
18:30 Farm
18:31 Farm
Chat log
(00:14 / Allies) itktkers: ORANGE wat units n hero fast
(00:17 / Allies) itktkers: so i make diff
(00:23 / Allies) humble-origins: bm wyverns
(00:33 / Allies) itktkers: tc grunts raiders here
(00:34 / Allies) bISmaRCk: dk fiend
(01:08 / Allies) Feuergeist: they towering me
(01:21 / Allies) itktkers: i cant do shit
(01:45 / All) Knifeywifey: L:UMB
(01:46 / All) Knifeywifey: IDIOT
(01:57 / All) Knifeywifey: IF U FUCKING FEE YES
(02:42 / Allies) itktkers: use ancient
(02:44 / Allies) itktkers: use shopt
(02:47 / Allies) itktkers: use shop to attack
(03:18 / All) Knifeywifey: rettarded green
(04:26 / Allies) itktkers: make cata u noob
(04:41 / Allies) Feuergeist: hello...
(05:40 / All) TimeForMiracles: target more plz
(05:47 / All) TimeForMiracles: it helps you die quicker
(05:58 / All) TimeForMiracles: yellow thinks hes pink
(05:59 / All) TimeForMiracles: LOL
(06:06 / Allies) Feuergeist: help...
(06:14 / All) TimeForMiracles: PINK GO TO YER FRIEND YELLO
(06:29 / Allies) itktkers: blue is dead
(06:42 / Allies) Feuergeist: nobody is helping...
(06:48 / Allies) itktkers: u needed to make siege
(06:50 / Allies) itktkers: dumbby
(06:56 / Allies) Feuergeist: couldnt
(06:59 / Allies) Feuergeist: needed help dummy...
(07:10 / Allies) Feuergeist: if everyone tped id be ok
(07:51 / Allies) itktkers: MAKE FUCKIN SEIGE
(08:02 / Allies) Feuergeist: no gold idioit
(10:11 / Allies) Feuergeist: plz take back my base
(10:50 / All) Knifeywifey: no one fucking help in my team , only teal is chill
(10:59 / Allies) Feuergeist: ty
(11:02 / Allies) bISmaRCk: np
(11:10 / Allies) Feuergeist: take out yellow main?
(11:14 / Allies) itktkers: YA
(11:17 / Allies) bISmaRCk: not really
(12:16 / All) Knifeywifey: CMON TP
(12:17 / All) Knifeywifey: PLS
(12:19 / All) Knifeywifey: PURP
(12:23 / All) Knifeywifey: FFS
(12:49 / All) Knifeywifey: THX
(13:23 / Allies) humble-origins: stay
(13:24 / Allies) humble-origins: we can ttake it
(14:07 / All) Knifeywifey: red tped like 100 time
(14:35 / All) TimeForMiracles: HOW TO TARGET
(14:36 / All) TimeForMiracles: LOOK
(14:39 / All) bustaphatnutt: STOP CHASTING HEROS GREEN
(14:53 / Allies) Feuergeist: red
(14:53 / Allies) humble-origins: pink ur an idiot
(14:54 / Allies) Feuergeist: lets go
(15:10 / All) TimeForMiracles: pink+oj combine for dumbass of the year award
(15:17 / All) humble-origins: WE HAVE NO OTHER OPTION IDIOT
(15:21 / All) TimeForMiracles: when do you want it dropped off
(15:22 / All) humble-origins: we're down 2
(15:31 / All) TimeForMiracles: red is shitting
(16:34 / All) Knifeywifey: he used 10 tp
(16:36 / All) Knifeywifey: red
(16:41 / Allies) Feuergeist: gold plz
(17:03 / All) Knifeywifey: NURROW
(17:04 / All) Knifeywifey: BURROW
(17:05 / All) Knifeywifey: NOOB
(17:07 / All) Knifeywifey: RETARD
(18:19 / All) Knifeywifey: 100 tp red hahahah hes dumb
(20:40 / All) bustaphatnutt: sighs
(20:48 / All) bustaphatnutt: well played
(20:50 / All) bustaphatnutt: sirs
(20:51 / All) Knifeywifey: fag
(20:53 / All) Knifeywifey: purp we lost
(20:56 / All) Knifeywifey: cuz u was here
(21:18 / All) bustaphatnutt: str8 towering is not a win
(21:27 / All) itktkers: haha fuckers
(21:29 / All) itktkers: owned
(23:26 / Allies) bISmaRCk: good work ;)) together
(25:51 / All) humble-origins: TY FO RUR HALL IDIOT
(26:46 / All) itktkers: easy rape
(26:57 / All) TimeForMiracles: i can give it to you
(26:59 / All) TimeForMiracles: not rape
(27:10 / All) bISmaRCk: gg
(27:15 / All) humble-origins: PRO TIP: DONT WHINE ABOUT HERO NUKING
(27:15 / All) TimeForMiracles: it took you a while though. i will congratulate you for eventually
(27:27 / All) itktkers: hero nuking is important
(27:32 / All) bISmaRCk: was not our
(27:34 / All) TimeForMiracles: but oj is the biggest noob. pink knows how to play an orc, get some tips
(27:37 / Allies) bISmaRCk: your fault ;)
(27:42 / All) humble-origins: LOLZ
(27:48 / All) TimeForMiracles: getting a bm proves it, dont even laugh
(27:54 / All) humble-origins: i have to make new accounts and lose intentionally
(28:01 / All) TimeForMiracles: good to laugh at yourself its healthly
(28:05 / All) TimeForMiracles: but not neccessary
(28:09 / All) bISmaRCk: your yello was terrible
(28:14 / All) humble-origins: for the first ten min i was just laughing at blue and red
(28:21 / All) TimeForMiracles: blues still here
(28:22 / All) TimeForMiracles: LOL
(28:23 / All) itktkers: i ignored tower rush
(28:27 / All) itktkers: and teched thats why we won
(28:39 / All) itktkers: blue too stupid to make seige
(28:41 / All) TimeForMiracles: yeah it was all you
(28:44 / Allies) Feuergeist: ...
(28:49 / All) bISmaRCk: lol
(28:50 / All) itktkers: too dumb to make seige with ne
(28:51 / All) itktkers: awesome
(28:57 / All) TimeForMiracles: red was sucking off blue judging he still fiends
(29:04 / All) humble-origins: my brother is kodos_Forsaken, the best 4v4rter ever green, u watch your potty mouth
(29:08 / All) Feuergeist: it was, pink is awesome. And im supposed to make seige without a building that can make it
(29:14 / All) TimeForMiracles: no thats my brother
(29:16 / All) TimeForMiracles: dumbass
(29:31 / All) itktkers: its my bro
(29:36 / All) itktkers: kodos forskaen is my brother
(29:37 / All) TimeForMiracles: ahahahahah
(29:40 / All) itktkers: hes sucking me off right now
(29:54 / All) TimeForMiracles: you wanted to rape me? why cheat
(30:02 / All) itktkers: blue leanr fuckin seige noob
(30:09 / All) TimeForMiracles: hurry up with those towers
(30:14 / Allies) itktkers: lol red
(30:21 / Allies) bISmaRCk: lol aboout?
(30:27 / Allies) itktkers: killing ur hero
(30:31 / Allies) bISmaRCk: lol, yes
(30:48 / Allies) bISmaRCk: next time, pls , kill main of tower rusher
(30:59 / Allies) itktkers: he just needed siege
(30:59 / Allies) humble-origins: this strat worked fine ignore it
(31:01 / Allies) itktkers: so simple
(31:03 / Allies) bISmaRCk: thats the win
(31:08 / All) TimeForMiracles: oj is a pussy. a noob that cant play orc.. pink can.. and blue n red suck each other off.
(31:10 / All) TimeForMiracles: true dtory